BSA
NEW ORLEANS LOOTERS @ NEW YORK KNIGHTS
03/13/2030
 
TOP OF THE 1ST
New Orleans Looters batting - Pitching for New York Knights : LHP Leo Huggins
Pitching: LHP Leo Huggins
Batting: SHB Travis Martin 0-0: Ball
1-0: Foul Ball, location: 2F
1-1: Ball
2-1: Fly out, F7 (Flyball, 7S)
Batting: RHB Dan Banks 0-0: DOUBLE (Line Drive, 7D)
Batting: RHB Tim Gardner 0-0: SINGLE (Groundball, 3D)
Dan Banks to third
Runner from 3rd tries for Home, SAFE, no throw
Batting: SHB Oliver Deleón 0-0: Called Strike
0-1: Called Strike
0-2: Foul Ball, location: 2F
0-2: Fly out, F5 (Line Drive, 5)
Batting: LHB Eduardo Rodríguez 0-0: Called Strike
0-1: Foul Ball, location: 2F
0-2: Ball
1-2: SINGLE (Groundball, 4D)
Tim Gardner to second
Runner from 2nd tries for 3rd, SAFE, throw made to third
Batting: RHB Robert Bly 0-0: Called Strike
0-1: Swinging Strike
0-2: Ball
1-2: Foul Ball, location: 2F
1-2: Strikes out looking
Top of the 1st over - 1 run, 3 hits, 0 errors, 2 left on base; New Orleans 1 - New York 0
BOTTOM OF THE 1ST
New York Knights batting - Pitching for New Orleans Looters : RHP Juan Martínez
Pitching: RHP Juan Martínez
Batting: SHB Ryan Holcomb 0-0: Ball
1-0: Swinging Strike
1-1: Ball
2-1: Foul Ball, location: 2F
2-2: Strikes out swinging
Batting: LHB Tim Ramsey 0-0: Called Strike
0-1: Ball
1-1: Foul Ball, location: 2F
1-2: Foul Ball, location: 2F
1-2: Ball
2-2: SINGLE (Groundball, 4MD)
Batting: LHB Bill McCraney 0-0: Ball
Tim Ramsey steals 2nd base
1-0: Ball
2-0: Called Strike
2-1: Ball
3-1: Foul Ball, location: 2F
3-2: Foul Ball, location: 2F
3-2: Strikes out looking
Batting: RHB Steve Sampson 0-0: Ball
1-0: Called Strike
1-1: Foul Ball, location: 2F
1-2: Fly out, F8 (Line Drive, 89D)
Bottom of the 1st over - 0 runs, 1 hit, 0 errors, 1 left on base; New Orleans 1 - New York 0
TOP OF THE 2ND
New Orleans Looters batting - Pitching for New York Knights : LHP Leo Huggins
Batting: RHB Jeff Townsley 0-0: Called Strike
0-1: Ball
1-1: Called Strike
1-2: Foul Ball, location: 2F
1-2: Ball
2-2: Strikes out swinging
Batting: LHB John Hudson 0-0: Called Strike
0-1: Foul Ball, location: 2F
0-2: Fly out, F3 (Line Drive, 34)
Batting: LHB Mario Álvarez 0-0: Fly out, F9 (Flyball, 9S)
Top of the 2nd over - 0 runs, 0 hits, 0 errors, 0 left on base; New Orleans 1 - New York 0
BOTTOM OF THE 2ND
New York Knights batting - Pitching for New Orleans Looters : RHP Juan Martínez
Batting: LHB César Rodríguez 0-0: Called Strike
0-1: Called Strike
0-2: Ball
1-2: Foul Ball, location: 2F
1-2: Foul Ball, location: 2F
1-2: Ball
2-2: Ball
3-2: Foul Ball, location: 2F
3-2: Base on Balls
Batting: LHB Sixto Cortés 0-0: Ball
1-0: Foul Ball, location: 2F
1-1: Foul Ball, location: 2F
1-2: Ball
2-2: Ball
3-2: Strikes out looking
Batting: RHB Gerald Miller 0-0: Ball
1-0: Ball
2-0: Foul Ball, location: 2F
2-1: Swinging Strike
2-2: Foul Ball, location: 2F
2-2: Strikes out swinging
Batting: RHB Katsuhito Ohayashi 0-0: Called Strike
0-1: Foul Ball, location: 2F
0-2: Ball
1-2: Foul Ball, location: 2F
1-2: Ball
2-2: Fielders Choice at 2nd, 5-4 (Groundball, 56)
Bottom of the 2nd over - 0 runs, 0 hits, 0 errors, 1 left on base; New Orleans 1 - New York 0
TOP OF THE 3RD
New Orleans Looters batting - Pitching for New York Knights : LHP Leo Huggins
Batting: SHB Travis Martin 0-0: Called Strike
0-1: Ball
1-1: Ground out 6-3 (Groundball, 6)
Batting: RHB Dan Banks 0-0: Ball
1-0: Ball
2-0: Ball
3-0: Base on Balls
Batting: RHB Tim Gardner 0-0: Ball
1-0: DOUBLE (Flyball, 9LD)
Dan Banks to third
Batting: SHB Oliver Deleón 0-0: Ball
1-0: Ball
2-0: Foul Ball, location: 2F
2-1: Ball
3-1: Base on Balls
Batting: LHB Eduardo Rodríguez 0-0: SINGLE (Groundball, 34D)
Dan Banks scores
Tim Gardner to third
Oliver Deleón to second
Batting: RHB Robert Bly 0-0: Called Strike
0-1: Ball
1-1: Ball
2-1: Grounds into double play, 6-4-3 (Groundball, 6M)
Top of the 3rd over - 1 run, 2 hits, 0 errors, 2 left on base; New Orleans 2 - New York 0
BOTTOM OF THE 3RD
New York Knights batting - Pitching for New Orleans Looters : RHP Juan Martínez
Batting: RHB Jorge Valenzuela 0-0: Called Strike
0-1: Ball
1-1: Foul Ball, location: 2F
1-2: Foul Ball, location: 2F
1-2: Strikes out looking
Batting: SHB Ryan Holcomb 0-0: Ball
1-0: Ball
2-0: Called Strike
2-1: Ground out 3-1 (Groundball, 34)
Batting: LHB Tim Ramsey 0-0: Called Strike
0-1: Ball
1-1: Ball
2-1: Called Strike
2-2: SINGLE (Flyball, 8RS)
Batting: LHB Bill McCraney 0-0: Ball
1-0: Foul Ball, location: 2F
1-1: Ball
2-1: Ball
3-1: Called Strike
3-2: SINGLE (Groundball, 3L) (infield hit)
Tim Ramsey to second
Batting: RHB Steve Sampson 0-0: Ball
1-0: Ball
2-0: Foul Ball, location: 2F
2-1: Ball
3-1: Foul Ball, location: 2F
3-2: Foul Ball, location: 2F
3-2: Fly out, F8 (Line Drive, 8RD)
Bottom of the 3rd over - 0 runs, 2 hits, 0 errors, 2 left on base; New Orleans 2 - New York 0
TOP OF THE 4TH
New Orleans Looters batting - Pitching for New York Knights : LHP Leo Huggins
Batting: RHB Jeff Townsley 0-0: Ball
1-0: Fly out, F9 (Flyball, 9LS)
Batting: LHB John Hudson 0-0: Called Strike
0-1: Ball
1-1: Ground out 3-1 (Groundball, 34)
Batting: LHB Mario Álvarez 0-0: Ground out 6-3 (Groundball, 6)
Top of the 4th over - 0 runs, 0 hits, 0 errors, 0 left on base; New Orleans 2 - New York 0
BOTTOM OF THE 4TH
New York Knights batting - Pitching for New Orleans Looters : RHP Juan Martínez
Batting: LHB César Rodríguez 0-0: Ball
1-0: Foul Ball, location: 2F
1-1: Swinging Strike
1-2: Ball
2-2: DOUBLE (Flyball, 8LXD)
Batting: LHB Sixto Cortés 0-0: Foul Ball, location: 2F
0-1: Ball
1-1: Ball
2-1: Foul Ball, location: 2F
2-2: Ball
3-2: SINGLE (Groundball, 56D)
César Rodríguez to third
Batting: RHB Gerald Miller 0-0: Called Strike
0-1: SINGLE (Groundball, 34D)
César Rodríguez scores
Sixto Cortés to second
Runner from 2nd tries for 3rd, SAFE, no throw
Batting: RHB Katsuhito Ohayashi 0-0: Ball
1-0: Called Strike
1-1: Foul Ball, location: 2F
1-2: Strikes out looking
Batting: RHB Jorge Valenzuela 0-0: Fly out, F7 (Flyball, 7S)
Batting: SHB Ryan Holcomb 0-0: Ball
1-0: Fly out, F8 (Flyball, 8LM)
Bottom of the 4th over - 1 run, 3 hits, 0 errors, 2 left on base; New Orleans 2 - New York 1
TOP OF THE 5TH
New Orleans Looters batting - Pitching for New York Knights : LHP Leo Huggins
Pitching: RHP Pedro Cabrera
Batting: SHB Travis Martin 0-0: Ball
1-0: Foul Ball, location: 2F
1-1: Foul Ball, location: 2F
1-2: Ball
2-2: Foul Ball, location: 2F
2-2: Foul Ball, location: 2F
2-2: Foul Ball, location: 2F
2-2: Strikes out swinging
Batting: RHB Dan Banks 0-0: Ground out 3-1 (Groundball, 34)
Batting: RHB Tim Gardner 0-0: Ball
1-0: Called Strike
1-1: Called Strike
1-2: Foul Ball, location: 2F
1-2: Ground out 1-3 (Groundball, P)
Top of the 5th over - 0 runs, 0 hits, 0 errors, 0 left on base; New Orleans 2 - New York 1
BOTTOM OF THE 5TH
New York Knights batting - Pitching for New Orleans Looters : RHP Juan Martínez
Pitching: RHP Ienobu Sato
Batting: LHB Tim Ramsey 0-0: Ball
1-0: Called Strike
1-1: Foul Ball, location: 2F
1-2: Strikes out swinging
Batting: LHB Bill McCraney 0-0: Called Strike
0-1: Swinging Strike
0-2: Strikes out swinging
Batting: RHB Steve Sampson 0-0: Ground out U3 (Groundball, 34)
Bottom of the 5th over - 0 runs, 0 hits, 0 errors, 0 left on base; New Orleans 2 - New York 1
TOP OF THE 6TH
New Orleans Looters batting - Pitching for New York Knights : RHP Pedro Cabrera
Batting: SHB Oliver Deleón 0-0: Ground out 6-3 (Groundball, 6M)
Batting: LHB Eduardo Rodríguez 0-0: Called Strike
0-1: Foul Ball, location: 2F
0-2: Hit by Pitch
Batting: RHB Robert Bly 0-0: Ball
1-0: Called Strike
1-1: Foul Ball, location: 2F
1-2: Foul Ball, location: 2F
1-2: Ball
Wild Pitch!
Eduardo Rodríguez to second
2-2: Foul Ball, location: 2F
2-2: Ground out 4-3 (Groundball, 4)
Eduardo Rodríguez to third
Batting: RHB Jeff Townsley 0-0: Ball
1-0: Ground out 4-3 (Groundball, 4)
Top of the 6th over - 0 runs, 0 hits, 0 errors, 1 left on base; New Orleans 2 - New York 1
BOTTOM OF THE 6TH
New York Knights batting - Pitching for New Orleans Looters : RHP Ienobu Sato
Batting: LHB César Rodríguez 0-0: Called Strike
0-1: Called Strike
0-2: Strikes out swinging
Batting: LHB Sixto Cortés 0-0: Foul Ball, location: 2F
0-1: Ball
1-1: Foul Ball, location: 2F
1-2: Ground out 4-3 (Groundball, 4)
Batting: RHB Gerald Miller 0-0: Ground out U3 (Groundball, 34S)
Bottom of the 6th over - 0 runs, 0 hits, 0 errors, 0 left on base; New Orleans 2 - New York 1
TOP OF THE 7TH
New Orleans Looters batting - Pitching for New York Knights : RHP Pedro Cabrera
Pitching: LHP Simon Martel
Batting: LHB John Hudson 0-0: Ball
1-0: Fly out, F7 (Line Drive, 7)
Batting: LHB Mario Álvarez 0-0: Ball
1-0: Ball
2-0: Called Strike
2-1: Called Strike
2-2: Ball
3-2: Foul Ball, location: 2F
3-2: SINGLE (Flyball, 9S)
Pitching: RHP Fernando Valdés
Pinch Hitting: RHB Millard Stark 0-0: Foul Ball, location: 2F
0-1: Grounds into double play, 4-6-3 (Groundball, 34)
Top of the 7th over - 0 runs, 1 hit, 0 errors, 0 left on base; New Orleans 2 - New York 1
BOTTOM OF THE 7TH
New York Knights batting - Pitching for New Orleans Looters : RHP Ienobu Sato
Now at 2B: Dave O'Loan
Batting: RHB Katsuhito Ohayashi 0-0: Foul Ball, location: 2F
0-1: DOUBLE (Flyball, 8LXD)
Pinch Hitting: LHB Willie Wallace 0-0: Ball
1-0: Ball
2-0: Ball
3-0: Foul Ball, location: 2F
3-1: Base on Balls
Pinch Hitting: SHB Mark Wells 0-0: 3-RUN HOME RUN (Line Drive, 7D), Distance : 381 ft
Pitching: RHP Fergus Wakeford
Pinch Hitting: LHB José Peralta 0-0: Called Strike
0-1: Ball
1-1: Fly out, F7 (Flyball, 78XD)
Pitching: LHP Tadao Yoshida
Pinch Hitting: RHB Jackson Gibson 0-0: Ball
1-0: Foul Ball, location: 2F
1-1: Called Strike
1-2: Ball
2-2: Ball
3-2: Foul Ball, location: 2F
3-2: Strikes out looking
Pitching: LHP Juan Méndez
Batting: RHB Enrico Rodríguez 0-0: Foul Ball, location: 2F
0-1: Ball
1-1: Swinging Strike
1-2: Strikes out swinging
Bottom of the 7th over - 3 runs, 2 hits, 0 errors, 0 left on base; New Orleans 2 - New York 4
TOP OF THE 8TH
New Orleans Looters batting - Pitching for New York Knights : RHP Fernando Valdés
Now at 1B: Willie Wallace
Now at 2B: Jason Blair
Now in CF: Jackson Gibson
Now in RF: Mark Wells
Pinch Hitting: LHB Taylor Smith 0-0: Called Strike
0-1: Ball
1-1: Foul Ball, location: 2F
1-2: Foul Ball, location: 2F
1-2: Ball
2-2: Ball
3-2: Base on Balls
Pinch Hitting: SHB Arturo Sánchez 0-0: Called Strike
0-1: Called Strike
0-2: Ball
1-2: Strikes out swinging
Pinch Hitting: LHB Miguel Colón 0-0: Foul Ball, location: 2F
0-1: Foul Ball, location: 2F
0-2: Ball
1-2: Strikes out swinging
Pinch Hitting: RHB Albert Lutz 0-0: Ball
1-0: Ball
2-0: Called Strike
2-1: Ball
3-1: Foul Ball, location: 2F
3-2: Base on Balls
Taylor Smith to second
Batting: RHB Robert Bly 0-0: Ball
1-0: Fly out, F7 (Flyball, 78D)
Top of the 8th over - 0 runs, 0 hits, 0 errors, 2 left on base; New Orleans 2 - New York 4
BOTTOM OF THE 8TH
New York Knights batting - Pitching for New Orleans Looters : LHP Juan Méndez
Now at 1B: Taylor Smith
Now at 3B: Arturo Sánchez
Now in CF: Miguel Colón
Now in RF: Albert Lutz
Pinch Hitting: RHB Jacob Pope 0-0: Called Strike
0-1: Ball
1-1: Called Strike
1-2: Strikes out swinging
Batting: LHB Sixto Cortés 0-0: Called Strike
0-1: Called Strike
0-2: Ball
1-2: Foul Ball, location: 2F
1-2: Ball
2-2: SINGLE (Groundball, 4MD)
Pinch Hitting: RHB Vic Langlois 0-0: Called Strike
0-1: Swinging Strike
0-2: Foul Ball, location: 2F
0-2: Ball
1-2: Fly out, F4 (Line Drive, 4MD)
Lined into DP, 4-3 (Line Drive, 4MD)
Bottom of the 8th over - 0 runs, 1 hit, 0 errors, 0 left on base; New Orleans 2 - New York 4
TOP OF THE 9TH
New Orleans Looters batting - Pitching for New York Knights : RHP Fernando Valdés
Pitching: RHP Sancho Mendoza
Now at 3B: Vic Langlois
Now in LF: Jacob Pope
Pinch Hitting: RHB Rubén Vázquez 0-0: Swinging Strike
0-1: Foul Ball, location: 2F
0-2: Foul Ball, location: 2F
0-2: Ball
1-2: Foul Ball, location: 2F
1-2: SINGLE (Groundball, 56D)
Batting: RHB Greg Handrahan 0-0: Called Strike
0-1: Ball
1-1: Ball
2-1: Foul Ball, location: 2F
2-2: Foul Ball, location: 2F
2-2: Ball
3-2: Foul Ball, location: 2F
3-2: Strikes out swinging
Rubén Vázquez is caught stealing 2nd base
Batter strikes out.
Pinch Hitting: RHB Ramón Hernández 0-0: Called Strike
0-1: Ball
1-1: Called Strike
1-2: Ground out 6-3 (Groundball, 6M)
Top of the 9th over - 0 runs, 1 hit, 0 errors, 0 left on base; New Orleans 2 - New York 4
Saturday, April 7th, 2018 - OOTP Baseball 18.8 Build 76